Map: Kairos Junction LE

Players

SandboX

  • Race: Zerg Zerg
  • League: Gold
  • Spawn Location: 11:00

Mathsru - Winner!

  • Race: Terran Terran
  • League: Gold
  • Spawn Location: 5:00

VOD

Have the link to the VOD?

Description

Time

  • Played on: Aug. 11, 2019, 8:04 p.m.
  • Length: 7:50
Show
View Real Time Build Order
Export as new Build Order

SandboX Zerg 

Build Orders: Hatch First 

Get SALT Encoding   

  12  0:01  Drone  
  13  0:12  Overlord  
  13  0:28  Drone  
  14  0:31  Drone x2  
  16  0:38  Drone  
  17  0:58  Hatchery  
  16  1:04  Drone x2  
  16  1:06  Extractor  
  17  1:22  Spawning Pool  
  17  1:24  Drone  
  17  1:27  Drone  
  18  1:33  Drone  
  19  1:43  Overlord  
  19  2:08  Zergling x2  
  19  2:09  Zergling x2  
  19  2:13  Queen x2  
  19  2:14  Drone  
  26  2:23  Overlord  
  26  2:28  Metabolic Boost  
  26  2:30  Drone  
  26  2:33  Drone  
  28  2:46  Drone x2  
  30  2:59  Hatchery  
  30  3:05  Drone x2  
  31  3:07  Drone  
  31  3:10  Drone  
  33  3:18  Overlord  
  33  3:19  Drone  
  34  3:21  Drone  
  34  3:26  Overlord  
  35  3:32  Drone  
  36  3:36  Drone x3  
  36  3:40  Overlord  
  38  3:45  Overlord  
  38  3:48  Drone  
  39  3:49  Drone  
  39  3:54  Drone  
  39  3:55  Drone  
  42  4:03  Drone x2  
  42  4:04  Drone  
  42  4:05  Roach Warren  
  44  4:18  Spore Crawler  
  44  4:20  Spore Crawler  
  42  4:29  Extractor  
  41  4:31  Extractor  
  41  4:35  Queen  
  41  4:37  Drone x11  
  53  4:55  Lair  
  53  5:01  Evolution Chamber, Drone x3  
  53  5:02  Evolution Chamber, Drone x5  
  59  5:08  Roach x2  
  59  5:31  Spore Crawler  
  59  5:35  Spore Crawler  
  48  5:49  Roach x14  
  74  5:54  Zerg Missile Weapons Level 1  
  74  6:15  Hatchery  
  74  6:16  Glial Reconstitution  
  73  6:19  Hydralisk Den  
  72  6:26  Spore Crawler  
  72  6:29  Spore Crawler  
  70  6:33  Overlord x2  
  70  6:50  Spore Crawler  
  63  7:10  Roach x8  
  63  7:11  Roach x2  
  57  7:22  Hydralisk x3  
Show
View Real Time Build Order
Export as new Build Order

Mathsru Terran - Winner!

Build Orders: 1/1/1 

Get SALT Encoding   

  12  0:01  SCV  
  13  0:17  SCV  
  13  0:18  Supply Depot  
  14  0:25  Refinery  
  14  0:29  SCV  
  15  0:48  Barracks  
  15  0:50  SCV  
  16  1:02  SCV  
  17  1:07  Supply Depot  
  17  1:14  SCV  
  18  1:23  Refinery  
  18  1:26  SCV  
  19  1:37  Factory  
  19  1:42  Barracks  
  19  1:45  Marine  
  20  1:51  SCV  
  21  2:03  SCV, Marine  
  23  2:20  Factory Tech Lab  
  23  2:23  Starport  
  23  2:29  Barracks Reactor  
  23  2:30  Supply Depot  
  23  2:37  Barracks Tech Lab  
  23  2:45  SCV  
  24  2:59  Siege Tank  
  24  3:00  Marine  
  24  3:05  Marine x2  
  28  3:06  Starport Tech Lab  
  28  3:10  SCV  
  31  3:12  Supply Depot  
  31  3:22  Orbital Command  
  31  3:29  Banshee  
  34  3:45  Siege Tank  
  37  4:12  Banshee  
  37  4:16  Command Center  
  40  4:28  Marine x3  
  43  4:36  SCV  
  44  4:46  Marine x3  
  44  4:50  Stimpack  
  47  4:55  Supply Depot  
  47  5:17  SCV, Marine x3  
  51  5:34  Marine  
  52  5:51  Marine x2  
  52  5:52  Marine  
  55  5:57  Siege Tank  
  55  6:04  Banshee  
  61  6:09  Marine  
  62  6:19  SCV  
  63  6:25  SCV  
  63  6:29  Siege Tank  
  63  6:31  SCV, Supply Depot  
  68  6:38  SCV  
  69  6:44  SCV  
  70  6:52  Banshee  
  70  6:53  SCV  
  74  6:56  SCV  
Tags
 
Add a new tag
Caveats
  • Supply blocks, unpowered buildings, or Contaminate may cause inaccurate times.
  • Supply counts are checked every 10 seconds.